 Dungeon Crawl Stone Soup version 0.30-a0-946-gec5dcfc036 (webtiles) character file.

Game seed: 13637842186001963179

114 gohu the Chopper (level 4, -6/41 HPs)
             Began as a Hill Orc Fighter on Mar 26, 2023.
             Mangled by a gnoll
             ... wielding a +0 whip
             ... led by a gnoll bouda
              (8 damage)
             ... on level 4 of the Dungeon.
             The game lasted 00:03:29 (1926 turns).

gohu the Chopper (Hill Orc Fighter)                 Turns: 1926, Time: 00:03:30

Health: -6/41      AC:  9    Str: 20    XL:     4   Next: 98%
Magic:  4/4        EV:  7    Int:  8    God:
Gold:   106        SH:  9    Dex: 10    Spells: 3/3 levels left

rFire   . . .      SeeInvis .    a - +0 war axe
rCold   . . .      Faith    .    c - +0 buckler
rNeg    . . .      Spirit   .    l - +0 chain mail
rPois   .          Reflect  +    (no helmet)
rElec   .          Rampage  .    (no cloak)
rCorr   .                        (no gloves)
Will    .....                    (no boots) Stlth
                                 p - amulet of reflection
HPRegen 0.26/turn                (no ring)
MPRegen 0.09/turn                (no ring)

@: mighty
A: no striking features
a: no special abilities


You were on level 4 of the Dungeon.
You visited 1 branch of the dungeon, and saw 4 of its levels.

You collected 106 gold pieces.

Inventory:

Hand Weapons
 a - a +0 war axe (weapon)
Missiles
 w - 2 silver boomerangs (quivered)
Armour
 b - a +0 scale mail
 c - a +0 buckler (worn)
 l - a +0 chain mail (worn)
Jewellery
 n - an amulet of magic regeneration
 p - an amulet of reflection (around neck)
 q - a +6 ring of intelligence
Scrolls
 e - 2 scrolls of summoning {unknown}
 f - 3 scrolls of teleportation {unknown}
 g - 2 scrolls of vulnerability {unknown}
 h - 2 scrolls of poison {unknown}
 j - a scroll of amnesia {unknown}
 k - a scroll of immolation {unknown}
 o - a scroll of torment {unknown}
 r - a scroll of fear {unknown}
 s - a scroll of blinking {unknown}
 x - a scroll of identify {unknown}
Potions
 d - a potion of might
 i - a potion of mutation {unknown}
 m - a potion of invisibility {unknown}
 t - a potion of curing {unknown}
 u - 2 potions of lignification {unknown}
 v - a potion of brilliance {unknown}


   Skills:
 * Level 4.7 Fighting
 * Level 5.0 Axes
 + Level 3.9 Armour
 - Level 3.2 Shields


You had 3 spell levels left.
You didn't know any spells.
Your spell library was empty.

Dungeon Overview and Level Annotations

Branches:
Dungeon (4/15)
 Temple: D:4-7

Altars:

Annotations:
D:3 Grinder


Message History

The gnoll is heavily wounded.
The gnoll is no longer moving quickly.
The gnoll hits you from afar with a +0 spear.
The gnoll closely misses you.
The gnoll hits you from afar with a +0 spear.
The gnoll bouda gazes fiercely through you!
You feel your attacks grow feeble. You block the gnoll's attack.
You are too injured to fight recklessly!
Your attacks no longer feel as feeble.
The gnoll attacks as you move away! You block the gnoll's attack.
You open the door.
A gnoll comes into view. It is wielding a +0 flail.
The gnoll barely misses you. The gnoll attacks as you move away!
The gnoll hits you with a +0 whip.
There is an open door here.
There is an open door here.
You barely miss the gnoll.
The gnoll is heavily wounded.
The gnoll hits you with a +0 whip.
The gnoll hits you from afar with a +0 spear.
* * * LOW HITPOINT WARNING * * *
The gnoll attacks as you move away! You block the gnoll's attack.
The gnoll attacks as you move away! The gnoll hits you with a +0 whip.
* * * LOW HITPOINT WARNING * * *
The gnoll attacks as you move away! The gnoll hits you with a +0 whip.
* * * LOW HITPOINT WARNING * * *
The gnoll attacks as you move away! The gnoll hits you with a +0 whip.
* * * LOW HITPOINT WARNING * * *
Found an escape hatch in the floor.
The gnoll bouda barks out a call to the hunt!
The gnolls pick up the pace!
Okay, then.
The gnoll bouda calls upon its god to heal the gnoll.
The gnoll's wounds heal themselves!
The gnoll barely misses you. The gnoll attacks as you move away!
The gnoll hits you with a +0 whip.
* * * LOW HITPOINT WARNING * * *
The gnoll attacks as you move away! The gnoll hits you with a +0 whip!
You die...

######### ########
#.......# #......#
#.......# #......#
+......(# ##.....#
#.......# ##########'##
#.......#
#...#.......####.......#
#...#....g....g@.<.....#
#...+..................#
####'#.g.........########
......g..........#
......#######....#
......#.....#....#
......'.....#....#
......##'##+#....#
+###'##..##.##.....


You could see 2 gnolls.

Vanquished Creatures
  4 adders
  2 worms (D:2)
  2 dart slugs (D:2)
  3 orcs (D:3)
  5 bats
  4 endoplasms
  A giant cockroach (D:1)
  A goblin (D:3)
  3 hobgoblins
  8 jackals (D:2)
  5 quokkas
  11 ball pythons
  4 frilled lizards
  7 kobolds
  2 rats
62 creatures vanquished.

Notes
Turn   | Place    | Note
-------+----------+-------------------------------------------
     0 | D:1      | gohu the Hill Orc Fighter began the quest for the Orb.
     0 | D:1      | Reached XP level 1. HP: 19/19 MP: 1/1
   119 | D:1      | Reached XP level 2. HP: 27/27 MP: 2/2
   155 | D:1      | Reached skill level 3 in Axes
   726 | D:2      | Reached XP level 3. HP: 32/33 MP: 3/3
   809 | D:2      | Reached skill level 4 in Axes
   874 | D:2      | Reached XP level 4. HP: 40/41 MP: 4/4
  1669 | D:3      | Noticed Grinder
  1799 | D:4      | Reached skill level 5 in Axes
  1924 | D:4      | HP: 1/41 [gnoll/+0 whip[a gnoll bouda] (3)]
  1926 | D:4      | Mangled by a gnoll

Illustrated notes

Levels and vault maps discovered:
D:1:      dpeg_arrival_rooms_with_view, layout_basic, hangedman_decor_points
D:2:      cheibrodos_helix_gallery, layout_rooms, grunt_decor_fettered
D:3:      layout_basic, uniq_grinder
D:4:      layout_gridville, chequers_jeans

Skill      XL: |  1  2  3  4 |
---------------+-------------+-----
Fighting       | 4 |  4.7
Axes           | 3 4 5 |  5.0
Armour         | |  3.9
Shields        | |  3.2

Action                     |  1- 3 |  4- 6 || total
---------------------------+-------+-------++-------
  Melee: War axe           |   111 |   100 ||   211
    Use: Potion            |       |     1 ||     1
 Armour: Scale mail        |    27 |       ||    27
         Chain mail        |    31 |    45 ||    76
  Dodge: Dodged            |    51 |    41 ||    92
  Block: Buckler           |    27 |    50 ||    77

Table legend: (Time is in decaauts)
 A = Elapsed time spent in this place.
 B = Non-inter-level travel time spent in this place.
 C = Inter-level travel time spent in this place.
 D = Time resting spent in this place.
 E = Time spent auto-exploring this place.
 F = Levels seen in this place.
 G = Mean time per level.
                   A        B        C        D        E       F      G
               +--------+--------+--------+--------+--------+-----+--------+
         Total |   2001 |   1953 |     48 |      0 |   1311 |   4 |  500.2 |
       Dungeon |   2001 |   1953 |     48 |      0 |   1311 |   4 |  500.2 |
               +--------+--------+--------+--------+--------+-----+--------+

Top non-repeatable levels by time:
     D:2: 726 daAuts
     D:1: 665 daAuts
     D:3: 397 daAuts
     D:4: 211 daAuts
